Map: Deathaura LE

Players

Maru - Winner!

  • Race: Terran Terran
  • League: Master
  • Spawn Location: 5:00

PartinG

  • Race: Protoss Protoss
  • League: Grandmaster
  • Spawn Location: 11:00

Event: TSL 6

VOD

Have the link to the VOD?

Description

Time

  • Played on: Dec. 12, 2020, 2:46 a.m.
  • Length: 11:37

All games in this series

Show
View Real Time Build Order
Export as new Build Order

Maru Terran - Winner!

Build Orders:  

Get SALT Encoding   

  12  0:00  SCV  
  13  0:12  SCV  
  14  0:16  Supply Depot  
  14  0:24  SCV  
  14  0:27  Refinery  
  15  0:38  SCV  
  16  0:45  Barracks  
  16  0:50  SCV  
  17  1:02  SCV  
  18  1:13  Engineering Bay  
  18  1:14  SCV  
  19  1:31  Marine  
  19  1:32  Orbital Command  
  20  1:37  Factory  
  20  1:44  Supply Depot  
  20  1:52  Barracks Reactor  
  20  2:00  SCV  
  21  2:13  SCV  
  22  2:22  Command Center  
  22  2:31  Hellion x2  
  22  2:34  SCV  
  27  2:37  Supply Depot  
  27  2:40  Marine  
  28  2:48  Starport  
  28  2:50  SCV  
  29  2:56  Hellion  
  31  3:02  SCV  
  32  3:10  Refinery  
  32  3:11  Hellion  
  34  3:14  SCV  
  35  3:24  Medivac  
  35  3:26  SCV  
  38  3:35  Orbital Command  
  38  3:38  SCV  
  39  3:41  Widow Mine  
  39  3:42  Widow Mine  
  39  3:43  Barracks Tech Lab  
  43  3:50  SCV  
  44  3:57  Starport Tech Lab  
  44  4:00  SCV  
  44  4:02  Bunker, SCV  
  46  4:09  Siege Tank  
  49  4:10  Marine x2  
  49  4:12  Supply Depot  
  49  4:14  SCV  
  49  4:15  SCV  
  53  4:19  Supply Depot  
  53  4:26  SCV  
  53  4:30  SCV  
  53  4:37  Marine x2  
  52  4:38  SCV  
  52  4:42  SCV  
  52  4:43  Siege Tank  
  54  4:51  Bunker  
  54  4:52  Barracks, SCV  
  55  4:55  Marine x2  
  55  4:56  SCV  
  58  5:00  Raven  
  60  5:09  SCV  
  60  5:12  Marine  
  60  5:13  Engineering Bay, SCV, Marine  
  62  5:15  Refinery  
  62  5:21  SCV  
  63  5:24  Siege Tank  
  63  5:25  SCV  
  63  5:26  Supply Depot  
  67  5:30  Marine  
  67  5:31  Marine  
  69  5:36  SCV  
  69  5:39  Barracks  
  69  5:42  Barracks Tech Lab  
  70  5:48  SCV x2, Marine  
  70  5:49  Supply Depot  
  73  5:54  Marine  
  69  6:02  Marauder  
  69  6:03  Siege Tank  
  70  6:06  SCV, Marine  
  67  6:12  Marine  
  67  6:16  Bunker  
  67  6:17  SCV  
  67  6:18  SCV  
  67  6:19  Medivac  
  67  6:20  Barracks  
  67  6:25  Marine x2  
  72  6:30  Marine  
  72  6:43  SCV, Marine  
  72  6:45  SCV  
  70  6:48  Siege Tank  
  67  6:55  Terran Infantry Weapons Level 1, SCV  
  67  6:57  SCV  
  67  6:58  Marine x2  
  67  6:59  Bunker  
  69  7:07  SCV  
  69  7:08  Supply Depot  
  70  7:09  Supply Depot  
  70  7:10  SCV  
  69  7:18  Marine x2  
  69  7:19  SCV  
  69  7:21  Siege Tank  
  70  7:25  Barracks Tech Lab  
  70  7:30  SCV  
  70  7:33  Bunker  
  70  7:34  SCV  
  71  7:40  Bunker  
  71  7:41  Supply Depot  
  71  7:42  SCV  
  72  7:45  Marauder  
  72  7:49  SCV  
  72  7:51  Missile Turret  
  75  7:54  SCV  
  75  7:56  Siege Tank  
  79  8:06  Stimpack  
  79  8:08  Starport Reactor  
  79  8:09  Marine x2  
  79  8:10  Marauder  
  79  8:11  Barracks Tech Lab  
  83  8:16  Refinery  
  83  8:17  Supply Depot  
  83  8:18  SCV x2  
  85  8:25  Bunker  
  85  8:27  Marine x2  
  85  8:28  Combat Shield  
  85  8:30  SCV  
  85  8:31  Marauder  
  88  8:34  SCV  
  88  8:36  Siege Tank  
  88  8:37  Marine  
  93  8:42  SCV  
  93  8:44  Medivac  
  93  8:45  Marine x2  
  97  8:48  SCV  
  97  8:50  Missile Turret  
  97  8:52  Supply Depot  
  98  9:03  Medivac  
  98  9:08  Command Center  
  100  9:13  Siege Tank  
  100  9:15  Terran Infantry Armor Level 1  
  100  9:16  Supply Depot, SCV x2  
  105  9:24  Medivac  
  105  9:25  Marine x2  
  105  9:26  Marine  
  105  9:29  Marine  
  105  9:30  Supply Depot  
  110  9:43  Marine  
  110  9:44  Marauder  
  112  9:47  Marauder  
  112  9:52  SCV, Siege Tank  
  116  9:57  Barracks  
  116  9:59  Barracks, Marine  
  117  10:02  Medivac  
  117  10:05  Marauder, Concussive Shells  
  121  10:09  Marauder  
  122  10:18  Viking  
  122  10:19  SCV x2  
  126  10:21  Orbital Command  
  126  10:27  Marauder  
  130  10:30  Marauder  
  130  10:32  Viking  
  130  10:34  SCV x2  
  134  10:38  Orbital Command, Armory  
  133  10:46  SCV x2  
  133  10:48  Barracks Reactor, Marauder, Barracks Tech Lab  
  141  10:50  Widow Mine x2  
  140  10:57  Viking  
  140  11:02  Bunker  
  140  11:03  Engineering Bay, Supply Depot  
  121  11:12  Marauder, Marine  
  121  11:15  Widow Mine x2, SCV  
  122  11:19  SCV x2  
Show
View Real Time Build Order
Export as new Build Order

PartinG Protoss 

Build Orders: Blink Stalkers 

Get SALT Encoding   

  12  0:00  Probe  
  13  0:12  Probe  
  14  0:17  Pylon  
  14  0:24  Probe (Chrono Boost)  
  16  0:35  Gateway  
  16  0:37  Probe (Chrono Boost)  
  16  0:43  Probe (Chrono Boost)  
  16  0:45  Assimilator  
  17  0:51  Probe  
  18  1:03  Probe  
  19  1:15  Probe  
  20  1:22  Cybernetics Core  
  20  1:23  Zealot (Chrono Boost)  
  22  1:33  Probe  
  22  1:34  Pylon  
  22  1:38  Assimilator  
  23  1:52  Probe  
  24  1:58  Stalker  
  24  2:00  Warp Gate  
  26  2:04  Probe (Chrono Boost)  
  28  2:16  Probe (Chrono Boost)  
  28  2:21  Probe (Chrono Boost)  
  29  2:23  Nexus  
  29  2:30  Probe  
  29  2:31  Pylon  
  30  2:42  Twilight Council, Probe  
  31  2:51  Robotics Facility  
  31  2:54  Probe  
  30  3:06  Probe  
  30  3:07  Stalker  
  33  3:13  Blink (Chrono Boost)  
  33  3:16  Shield Battery  
  34  3:20  Probe  
  34  3:28  Gateway  
  34  3:32  Probe  
  35  3:35  Probe  
  35  3:39  Observer  
  37  3:44  Probe  
  37  3:45  Gateway  
  37  3:48  Probe  
  39  3:55  Gateway  
  39  4:00  Probe x2  
  41  4:05  Stalker  
  43  4:11  Pylon  
  43  4:14  Warp Prism (Chrono Boost)  
  45  4:26  Pylon  
  45  4:30  Stalker  
  43  4:46  Probe x2  
  43  4:49  Stalker x2  
  43  4:52  Stalker  
  51  5:00  Probe x2  
  50  5:08  Observer  
  49  5:15  Stalker, Probe  
  49  5:18  Probe  
  53  5:28  Probe  
  54  5:30  Probe  
  54  5:32  Observer  
  53  5:44  Stalker x4  
  61  5:51  Observer  
  59  5:58  Probe x2  
  61  6:10  Stalker x4  
  61  6:11  Observer  
  56  6:13  Probe x2 (Chrono Boost)  
  60  6:25  Probe (Chrono Boost)  
  60  6:26  Probe (Chrono Boost)  
  58  6:35  Stalker x3  
  50  6:48  Probe x2  
  50  6:58  Stalker x3  
  50  7:01  Stalker, Probe  
  57  7:03  Observer  
  57  7:07  Probe  
  60  7:18  Probe  
  60  7:19  Probe  
  60  7:21  Assimilator x2  
  62  7:23  Stalker x2  
  62  7:25  Observer  
  66  7:30  Stalker  
  66  7:36  Probe (Chrono Boost)  
  68  7:37  Probe (Chrono Boost)  
  68  7:40  Pylon  
  68  7:43  Stalker  
  70  7:51  Pylon  
  70  7:58  Probe (Chrono Boost)  
  72  8:00  Probe (Chrono Boost)  
  72  8:03  Templar Archives  
  72  8:05  Probe (Chrono Boost)  
  72  8:10  Probe (Chrono Boost)  
  74  8:17  Probe (Chrono Boost)  
  74  8:19  Gateway  
  75  8:20  Gateway, Psionic Storm, Charge (Chrono Boost)  
  75  8:22  Probe (Chrono Boost)  
  76  8:39  Zealot x4  
  84  8:45  Gateway  
  84  8:46  Gateway  
  84  8:56  Pylon  
  84  8:59  Pylon  
  84  9:06  Nexus  
  84  9:16  High Templar  
  86  9:18  High Templar x2  
  86  9:20  Zealot x2  
  94  9:30  Pylon  
  94  9:31  Pylon  
  94  9:33  Pylon  
  94  9:35  Observer  
  94  9:36  Shield Battery  
  94  9:52  Zealot x6, High Templar  
  108  10:00  Probe  
  108  10:01  Probe  
  108  10:02  Observer  
  108  10:04  High Templar  
  110  10:12  Zealot x4  
  118  10:19  High Templar x2  
  122  10:26  Zealot  
  124  10:33  Probe x3  
  124  10:34  Zealot x3  
  133  10:44  Pylon  
  133  10:45  Pylon  
  85  11:12  Archon  
  62  11:18  Zealot x6  
  62  11:19  Zealot x2  
Tags
 
Add a new tag
Caveats
  • Supply blocks, unpowered buildings, or Contaminate may cause inaccurate times.
  • Supply counts are checked every 10 seconds.